 Dungeon Crawl Stone Soup version 0.22-a0-322-g60b3cfd (webtiles) character file.

64 b5mith the Chiller (level 4, -3/24 HPs)
             Began as a Gargoyle Ice Elementalist on Apr 2, 2018.
             Slain by a hound (5 damage)
             ... on level 2 of the Dungeon.
             The game lasted 00:14:22 (2844 turns).

b5mith the Chiller (Gargoyle Ice Elementalist)      Turns: 2844, Time: 00:14:23

Health: -3/24      AC:  5    Str: 11    XL:     4   Next: 12%
Magic:  6/7        EV: 12    Int: 17    God:
Gold:   177        SH:  0    Dex: 10    Spells: 2/8 levels left

rFire    . . .     SeeInvis .   (no weapon)
rCold    . . .     Gourm    .   (no shield)
rNeg     + . .     Faith    .   a - +0 robe
rPois    ∞         Spirit   .   (no helmet)
rElec    +         Reflect  .   (no cloak)
rCorr    .         Harm     .   (no gloves)
MR       .....                  (no boots)
Stlth    ++........             (no amulet)
HPRegen  0.08/turn              (no ring)
MPRegen  0.10/turn              (no ring)

@: about to teleport
A: negative energy resistance 1, electricity resistance, unbreathing,
petrification resistance, rot immunity, AC +3
a: no special abilities


You were on level 2 of the Dungeon.
You were not hungry.

You visited 1 branch of the dungeon, and saw 3 of its levels.

You collected 177 gold pieces.

Inventory:

Armour
 a - a +0 robe (worn)
Scrolls
 d - 6 scrolls of identify {@r1}
 e - a scroll of amnesia {unknown}
 g - 2 scrolls of remove curse {@r2}
 i - 3 scrolls of immolation
 j - 3 scrolls of teleportation
 k - a scroll of magic mapping {unknown}
 n - a scroll of fog {unknown}
 o - a scroll of blinking {unknown}
Potions
 b - a potion of degeneration {unknown}
 f - a potion of agility {unknown}
 h - a potion of might {unknown}
 l - a potion of ambrosia {unknown}
Comestibles
 c - 4 rations


   Skills:
 + Level 2.1 Dodging
 + Level 3.1 Stealth
 + Level 2.6 Spellcasting
 - Level 1.1 Conjurations
 + Level 3.5 Ice Magic


You had 2 spell levels left.
You knew the following spells:

 Your Spells              Type           Power        Failure   Level  Hunger
a - Freeze                Ice            ##..         4%          1    #......
b - Throw Frost           Conj/Ice       ##....       11%         2    ##.....
c - Ozocubu's Armour      Chrm/Ice       #.......     26%         3    ###....


Dungeon Overview and Level Annotations

Branches:
Dungeon (3/15)

Altars:
Gozag

Annotations:
D:3 NervFog's ghost, amateur TeAE


Innate Abilities, Weirdness & Mutations

You are resistant to torment.
Your stone body is resilient. (AC +3)
You are immune to poison.
You resist negative energy. (rN+)
You are resistant to electric shocks. (rElec)
You can survive without breathing.
You are immune to petrification.
You are immune to rotting.


Message History

The hound bites you but does no damage. The hound misses you.
The hound bites you but does no damage. The hound bites you but does no damage.
The hound barely misses you. The hound misses you. The hound bites you.
* * * LOW HITPOINT WARNING * * *
The hound closely misses you. The hound bites you but does no damage.
The hound bites you.
* * * LOW HITPOINT WARNING * * *
The hound bites you.
* * * LOW HITPOINT WARNING * * *
The hound bites you but does no damage. The hound completely misses you.
As you read the scroll of teleportation, it crumbles to dust.
You feel strangely unstable. The hound misses you. The hound bites you.
You die...

# #..#
#.#...........#
#.# # #..#
#..#.#####....#
#.# # #..#
##.#.#
#....####.#
###..# #...#
#.........#
.....# ##..#
#.#########
####.#
#..#####.#
####.#####
#..##....#
#..(.....#
##h##....#
'........#
#@##....#
#........#
#.##....#
#........#
#.##....#
#........#
#.##....#
#........#
#>......#
#........#
####...##
#####...##
##### #...#
###########
#...#
#.........#


You could see a hound.

Vanquished Creatures
  2 adders (D:2)
  An adder zombie (D:2)
  5 giant cockroaches
  2 goblins (D:2)
  7 hobgoblins
  2 jackals (D:2)
  6 kobolds
  5 bats
  3 frilled lizards (D:2)
  6 rats
39 creatures vanquished.

Notes
Turn   | Place    | Note
-------+----------+-------------------------------------------
     0 | D:1      | b5mith the Gargoyle Ice Elementalist began the quest for the Orb.
     0 | D:1      | Reached XP level 1. HP: 10/10 MP: 3/3
   503 | D:1      | Reached XP level 2. HP: 15/15 MP: 1/5
   547 | D:1      | Learned a level 2 spell: Throw Frost
  1376 | D:2      | Found an opulent altar of Gozag.
  1471 | D:2      | Reached XP level 3. HP: 17/19 MP: 1/6
  2418 | D:2      | Reached XP level 4. HP: 18/24 MP: 0/7
  2505 | D:2      | Learned a level 3 spell: Ozocubu's Armour
  2757 | D:3      | Noticed NervFog's ghost (amateur TeAE)
  2838 | D:2      | HP: 1/24 [hound (3)]
  2844 | D:2      | Slain by a hound

Vault maps used:
D:1:      roderic_crop_circles_arrival_small
D:2:      nicolae_overflow_crystal_walls, first_ration, minmay_misc_feat_five
D:3:      cheibrodos_thug_alley, uniq_grinder

Skill      XL: |  1  2  3 |
---------------+----------+-----
Dodging        | 2 |  2.1
Stealth        | 3 |  3.1
Spellcasting   | |  2.6
Conjurations   | |  1.1
Ice Magic      | |  3.5

Action                   |  1- 3 |  4- 6 || total
-------------------------+-------+-------++-------
Melee: Unarmed           |    51 |       ||    51
 Cast: Freeze            |    40 |     7 ||    47
       Throw Frost       |    26 |     9 ||    35
  Use: Scroll            |     3 |     1 ||     4
  Eat: Chunk             |     7 |     2 ||     9
Armor: Robe              |    43 |    11 ||    54
Dodge: Dodged            |    90 |    31 ||   121

Table legend:
 A = Spawn XP
 B = Non-spawn XP
 C = Spawn XP percentage of total XP
 D = Spawn monster count
 E = Non-spawn monster count
 F = Spawn count percentage of total count
 G = Total turns spent on level
                    A         B        C        D         E        F      G
               +---------+---------+-------+---------+---------+-------+---------
         Total |       0 |      92 |   0.0 |       0 |      39 |   0.0 |  2844
               +---------+---------+-------+---------+---------+-------+---------
           D:1 |       0 |      24 |   0.0 |       0 |      14 |   0.0 |  1348
           D:2 |       0 |      60 |   0.0 |       0 |      21 |   0.0 |  1219
           D:3 |       0 |       8 |   0.0 |       0 |       4 |   0.0 |   277
               +---------+---------+-------+---------+---------+-------+---------
